[Event "Late-Titled-Tuesday-Blitz-March-19-2024"]
[Site "Chess.com"]
[Date "2024.03.19"]
[Round "10"]
[White "ZachHKL"]
[Black "Piotrek1979"]
[Result "0-1"]
[WhiteElo "2230"]
[BlackElo "2488"]
[TimeControl "180+1"]
[EndTime "15:54:02 PDT"]
[Termination "Piotrek1979 won by checkmate"]

1. e4 e6 2. d4 d5 3. Nd2 dxe4 4. Nxe4 Nd7 5. Nf3 Ngf6 6. Bd3 Nxe4 7. Bxe4 Nf6 8. Bd3 c5 9. Be3 Nd5 10. Bd2 cxd4 11.
Nxd4 Be7 12. O-O O-O 13. c3 a6 14. Qc2 g6 15. Rad1 Qc7 16. Be4 Rd8 17. Nb3 b5 18. Rfe1 Bb7 19. Bc1 Rac8 20. Qe2 Bd6 21. h3 Nf6 22.
Bxb7 Qxb7 23. Bg5 Be7 24. Qe5 Nd7 25. Qg3 Bxg5 26. Qxg5 Nb6 27. h4 Qc7 28. h5 Rd5 29.
Rxd5 Nxd5 30. h6 Qd8 31. Qe5 Qf6 32. Qd6 Qg5 33. Nd4 Nf4 34. g3 e5 35. Rxe5 Nh3+ 36. Kh2 Qxh6 37. Kg2 Ng5 38. Qd7 Rf8 39. Re1 f5 40.
Rh1 Qg7 41. Qd5+ Qf7 42. Qc6 Rd8 43. Qxa6 Qd5+ 44. f3 b4 45. Qf6 bxc3 46. bxc3 Nf7 47. Ne6 Qd2+ 48. Kh3 Qh6+ 49. Kg2 Rd2+ 50. Kg1 Qe3+ 51.
Kf1 Qf2# 0-1

[Event "Late-Titled-Tuesday-Blitz-March-19-2024"]
[Site "Chess.com"]
[Date "2024.03.19"]
[Round "10"]
[White "NikoTheodorou"]
[Black "jcibarra"]
[Result "1-0"]
[WhiteElo "3106"]
[BlackElo "2942"]
[TimeControl "180+1"]
[EndTime "15:54:03 PDT"]
[Termination "NikoTheodorou won on time"]

1. Nf3 Nf6 2. b3 d6 3. Bb2 e5 4. c4 g6 5. g3 Bg7 6. Bg2 O-O 7. O-O Re8 8. d3 Nc6 9. Nc3 h6 10. a3 a5 11. Nd2 Be6 12. Nd5 Bxd5 13. cxd5 Ne7 14.
e4 c6 15. dxc6 Nxc6 16. Rc1 h5 17. Nc4 Bh6 18. Rc2 h4 19. Bh3 d5 20. exd5 Nxd5 21.
Re1 Nd4 22. Bxd4 exd4 23. Rxe8+ Qxe8 24. Qf3 Nc3 25. Kg2 Qe7 26. Rb2 Ra6 27. b4 Rf6 28. Qg4 hxg3 29. hxg3 axb4 30. axb4 Qe1 31. Qxd4 Bg7 32.
Qe3 Qa1 33. Rc2 b5 34. Qe8+ Kh7 35. Ne3 Qe1 36. Bg4 Nd5 37. Re2 Rxf2+ 38. Rxf2 Nxe3+ 39. Kf3 Qd1+ 40. Kxe3 Bh6+ 41. Kd4 Qxg4+ 42. Kc5 f5 43.
Re2 Bg7 44. Rh2+ 1-0

[Event "Late-Titled-Tuesday-Blitz-March-19-2024"]
[Site "Chess.com"]
[Date "2024.03.19"]
[Round "10"]
[White "Durarbayli"]
[Black "atbenina64"]
[Result "1-0"]
[WhiteElo "2963"]
[BlackElo "2757"]
[TimeControl "180+1"]
[EndTime "15:54:03 PDT"]
[Termination "Durarbayli won by resignation"]

1. e4 c5 2. Nf3 d6 3. d4 cxd4 4. Nxd4 Nf6 5. Nc3 a6 6. h4 e5 7. Nb3 Be6 8. f4 g6 9. Be2 Be7 10. h5 Rg8 11. hxg6 hxg6 12. fxe5 dxe5 13. Qxd8+ Kxd8 14. Bg5 Nbd7 15. O-O-O Rc8 16. Rhf1 Ke8 17. Bf3 b5 18. Be3 Bc4 19. Rf2 Bxb3 20. axb3 Bc5 21. Bxc5 Nxc5 22. b4 Ne6 23. Rd6 Ra8 24. Nd5 Nxd5 25.
Rxd5 f6 26. Bg4 Nf4 27. Rd6 Ke7 28. Rd7+ Ke8 29. Rh7 Rd8 30. g3 Nh5 31. Bxh5 gxh5 32. Rxf6 Rxg3 33. b3 Rg1+ 34. Kb2 Rd2 35. Rxa6 Rgg2 36.
Ra8+ 1-0

[Event "Late-Titled-Tuesday-Blitz-March-19-2024"]
[Site "Chess.com"]
[Date "2024.03.19"]
[Round "10"]
[White "ameetghasi100"]
[Black "DryCounty"]
[Result "1-0"]
[WhiteElo "2794"]
[BlackElo "2658"]
[TimeControl "180+1"]
[EndTime "15:54:04 PDT"]
[Termination "ameetghasi100 won on time"]

1. g3 g6 2. Nf3 Nf6 3. Bg2 Bg7 4. O-O O-O 5. d4 d6 6. c3 Nc6 7. Nbd2 e5 8. e4 Bg4 9. d5 Ne7 10. Qb3 Bc8 11. a4 a5 12. Re1 Nd7 13. Qc2 c6 14. dxc6 bxc6 15. Nc4 Qc7 16. Bg5 Nc5 17. b4 axb4 18.
cxb4 Ne6 19. Bd2 d5 20. Na5 dxe4 21. Qxe4 f5 22. Qc4 Kh8 23. Ng5 Nd4 24. Bc3 Ba6 25. Qc5 Qa7 26. Bxd4 exd4 27. Rxe7 Qxc5 28. bxc5 Bf6 29. Nf7+ Kg8 30. Nh6+ Kh8 31. Rd7 Be2 32. Nxc6 d3 33. Ra2 Rae8 34. Nf7+ Rxf7 35. Rxf7 Bc3 36.
Re7 Rc8 37. Rd7 1-0

[Event "Late-Titled-Tuesday-Blitz-March-19-2024"]
[Site "Chess.com"]
[Date "2024.03.19"]
[Round "10"]
[White "joksijoksi"]
[Black "Romkachess"]
[Result "0-1"]
[WhiteElo "2575"]
[BlackElo "2699"]
[TimeControl "180+1"]
[EndTime "15:54:05 PDT"]
[Termination "Romkachess won by resignation"]

1. d4 Nf6 2. c4 e6 3. Nc3 Bb4 4. e3 O-O 5. Ne2 c6 6. a3 Ba5 7. c5 Bc7 8. g3 d5 9. cxd6 Bxd6 10. Bg2 e5 11. O-O exd4 12. Nxd4 Qe7 13. Qc2 Rd8 14. Nf5 Bxf5 15. Qxf5 Nbd7 16. b4 Be5 17. Bb2 Nb6 18. Rad1 Nc4 19. Ba1 Nxa3 20. Ne4 Bxa1 21. Rxa1 Nb5 22. Nxf6+ Qxf6 23. Qxf6 gxf6 24. g4 Rd2 25.
Rfd1 Rad8 26. Rxd2 Rxd2 27. Bf1 a6 28. Rb1 Nc3 29. Rb3 Nd5 30. Bg2 Rd1+ 31. Bf1 Kg7 32.
Kg2 Kg6 33. Be2 Rd2 34. Bd3+ Kg7 35. Be4 h6 36. h4 Ne7 37. h5 Nc8 38. Kf3 Nd6 39.
Bd3 Ne8 40. Bf5 Nc7 41. Bc8 b5 42. Bb7 Rd6 43. Rc3 Nd5 44. Rb3 f5 45. gxf5 Ne7 46.
Bxa6 Nxf5 47. Rc3 Kf6 48. Bb7 Ne7 49. Rc5 Ke6 50. Ke4 Kd7 51. Ba6 Nd5 52. Kf5 Nxb4 53.
e4 Nxa6 54. Re5 Re6 55. Rxe6 fxe6+ 56. Kg6 b4 57. Kxh6 b3 58. Kg6 b2 59. h6 b1=Q 60. h7 Qxe4+ 61. Kg7 Qxh7+ 62. Kxh7 c5 63. Kg6 c4 0-1

[Event "Late-Titled-Tuesday-Blitz-March-19-2024"]
[Site "Chess.com"]
[Date "2024.03.19"]
[Round "10"]
[White "Orest_Vovk"]
[Black "ContrVersia"]
[Result "1-0"]
[WhiteElo "2557"]
[BlackElo "2907"]
[TimeControl "180+1"]
[EndTime "15:54:06 PDT"]
[Termination "Orest_Vovk won by resignation"]

1. h4 d5 2. h5 e5 3. h6 g6 4. d4 e4 5. c4 c6 6. Nc3 Be6 7. Qb3 Qb6 8. c5 Qc7 9. g3 Nd7 10. Bf4 Qc8 11. e3 b6 12. cxb6 axb6 13. Rc1 Qb7 14.
f3 exf3 15. Nxf3 Ngf6 16. Ng5 Be7 17. Nxe6 fxe6 18. Bh3 g5 19. Bxg5 e5 20. O-O Rg8 21. Rf5 exd4 22. exd4 O-O-O 23. Bf4 Rdf8 24. Nxd5 Bd8 25.
Nxf6 Bxf6 26. Kh2 Rg6 27. Bg2 Be7 28. Rxf8+ Bxf8 29. Qf7 Be7 30. Qxe7 Nc5 31. Qxb7+ Kxb7 32. dxc5 b5 33. b4 Re6 34. a4 bxa4 35. b5 a3 36. Bxc6+ Kc8 37. Ra1 Re2+ 38. Kh3 a2 39. b6 Rc2 40.
b7+ Kd8 41. b8=Q+ 1-0

[Event "Late-Titled-Tuesday-Blitz-March-19-2024"]
[Site "Chess.com"]
[Date "2024.03.19"]
[Round "10"]
[White "Arlo2024"]
[Black "Aram7Adam"]
[Result "1-0"]
[WhiteElo "2334"]
[BlackElo "2432"]
[TimeControl "180+1"]
[EndTime "15:54:08 PDT"]
[Termination "Arlo2024 won on time"]

1. e4 c5 2. Nc3 Nc6 3. g3 h5 4. Bg2 h4 5. g4 d6 6. h3 e6 7. f4 e5 8. f5 Be7 9. Nd5 Bg5 10. Nf3 Bf4 11. Nxf4 exf4 12. d4 cxd4 13. Nxd4 Qa5+ 14. c3 Qb6 15. Nxc6 bxc6 16. Qb3 Nf6 17. Qxb6 axb6 18. Bxf4 Ke7 19. a3 d5 20. O-O-O Nxe4 21. Bxe4 dxe4 22. Rhe1 f6 23. Rxe4+ Kf7 24. Rd6 Re8 25.
Rxe8 Kxe8 26. Rxc6 Bb7 27. Rxb6 Bf3 28. g5 Be4 29.
gxf6 Bxf5 30. fxg7 Kf7 31. Bg5 Bxh3 32. Bxh4 Kg8 33.
Rb7 Be6 34. Bf6 Bd5 35. Kc2 Bxb7 36. Bd4 Kf7 37. Kb3 Bd5+ 38. Kb4 Rb8+ 39. Kc5 Be6 40. b4 1-0

[Event "Late-Titled-Tuesday-Blitz-March-19-2024"]
[Site "Chess.com"]
[Date "2024.03.19"]
[Round "10"]
[White "Roedor"]
[Black "Redzishchess"]
[Result "1-0"]
[WhiteElo "2341"]
[BlackElo "2479"]
[TimeControl "180+1"]
[EndTime "15:54:11 PDT"]
[Termination "Roedor won by resignation"]

1. Nf3 Nf6 2. c4 b6 3. g3 Bb7 4.
Bg2 g6 5. O-O Bg7 6. d4 O-O 7. Nc3 Ne4 8. Bd2 f5 9. d5 Nxd2 10.
Qxd2 Na6 11. Rad1 e5 12. dxe6 dxe6 13. Ng5 Bxg2 14. Kxg2 Bxc3 15. bxc3 Nc5 16. h4 Qe7 17. Qe3 Rad8 18. Rd5 h6 19. Rxc5 Qxc5 20. Qxc5 bxc5 21. Nxe6 Rd2 22. Nxf8 Kxf8 23. Kf3 Rxa2 24. Rb1 Ra3 25. Rb7 Rxc3+ 26. Kf4 Rxc4+ 27. Ke5 Re4+ 28. Kf6 Rxe2 29. Rxc7 Ke8 30. Rxc5 Rxf2 31. Kxg6 f4 32. g4 f3 33. Kxh6 Rg2 34. g5 f2 35. Rf5 a5 36.
g6 a4 37. g7 a3 38. Rxf2 a2 39. Rxa2 Kf7 40. Rxg2 1-0

[Event "Late-Titled-Tuesday-Blitz-March-19-2024"]
[Site "Chess.com"]
[Date "2024.03.19"]
[Round "10"]
[White "ArchibaldCerveza29"]
[Black "ventdelest"]
[Result "1-0"]
[WhiteElo "2367"]
[BlackElo "2100"]
[TimeControl "180+1"]
[EndTime "15:54:11 PDT"]
[Termination "ArchibaldCerveza29 won on time"]

1. e4 d6 2. d4 Nf6 3. Nc3 g6 4. f3 Bg7 5. Be3 O-O 6. Qd2 e5 7. Nge2 exd4 8. Nxd4 d5 9. e5 Nfd7 10. Nxd5 Nxe5 11. Nc3 c5 12. Ndb5 Qxd2+ 13. Kxd2 Na6 14.
Be2 Be6 15. Rad1 Nc4+ 16. Bxc4 Bxc4 17. Nd6 b5 18. Nxc4 bxc4 19. Ke2 Rad8 20. Rxd8 Rxd8 21. Rd1 Bd4 22. Nb5 Bf6 23. Rxd8+ Bxd8 24. Nxa7 Bb6 25. Nc6 Kf8 26. Ne5 Ke7 27. Nxc4 Bc7 28. c3 Ke6 29. g3 f5 30. a3 Kd5 31. Kd3 Nb8 32. Bg5 Nc6 33. b4 cxb4 34. cxb4 Na7 35. a4 Nc6 36. Ne3+ Ke6 37. Nc2 Ne5+ 38. Ke2 Kd5 39. Bf4 Kc4 40. Bxe5 Bxe5 41. a5 Kb5 42. Kd3 1-0

[Event "Late-Titled-Tuesday-Blitz-March-19-2024"]
[Site "Chess.com"]
[Date "2024.03.19"]
[Round "10"]
[White "newauto"]
[Black "martinmena"]
[Result "0-1"]
[WhiteElo "2168"]
[BlackElo "2255"]
[TimeControl "180+1"]
[EndTime "15:54:12 PDT"]
[Termination "martinmena won by resignation"]

1. d4 d5 2. Nf3 Nf6 3. Bg5 e6 4. e3 Be7 5. Bd3 O-O 6. Nbd2 c5 7. c3 Nc6 8. Rc1 b6 9. O-O Bb7 10. Ne5 Nxe5 11. dxe5 Ne4 12. Bf4 Nxd2 13. Qxd2 Bg5 14. Qe2 Bxf4 15. exf4 d4 16. f5 Qd5 17. f3 exf5 18.
Bxf5 Rad8 19. cxd4 cxd4 20. Be4 Qd7 21. Rfd1 Bxe4 22.
Qxe4 Qd5 23. Qxd5 Rxd5 24. Rc7 a5 25. Kf2 g6 26. f4 Rfd8 27. Rd3 Rc5 28. Rxc5 bxc5 29.
b3 Ra8 30. Kf3 a4 31. Rd2 axb3 32. axb3 Ra3 33. Ke4 Rxb3 34. Rc2 Re3+ 35. Kd5 Rc3 36. Ra2 d3 37. g4 Rc2 38. Ra8+ Kg7 39. f5 d2 40. f6+ Kh6 41. Ra1 Rc1 42. Ra7 d1=Q+ 43.
Kc6 Qf3+ 44. Kd6 Rd1+ 45. Ke7 Qd5 46. h4 Qe6+ 0-1

[Event "Late-Titled-Tuesday-Blitz-March-19-2024"]
[Site "Chess.com"]
[Date "2024.03.19"]
[Round "10"]
[White "Statham_01"]
[Black "IMchanged"]
[Result "1-0"]
[WhiteElo "2587"]
[BlackElo "2653"]
[TimeControl "180+1"]
[EndTime "15:54:13 PDT"]
[Termination "Statham_01 won on time"]

1. e4 c5 2. Nf3 d6 3. d4 cxd4 4.
Nxd4 Nf6 5. Nc3 Nc6 6. Be3 Ng4 7. Bb5 Nxe3 8. fxe3 Bd7 9. O-O e6 10. Bxc6 bxc6 11. e5 dxe5 12. Qh5 Qe7 13. Qxe5 f6 14.
Qe4 Rc8 15. Rad1 g6 16. Na4 c5 17. Nb3 c4 18. Nac5 Rxc5 19. Nxc5 Qxc5 20. Rxf6 Be7 21. Rf2 Bg5 22. Qf3 Qc6 23. e4 Kd8 24. h4 Bh6 25. Qf6+ Kc7 26. Qxh8 Be3 27. Qe5+ Kb7 28. Qd6 Qxd6 29.
Rxd6 Bc6 30. Rxe6 Kb6 31. c3 Kc5 32. Kf1 Bxf2 33. Kxf2 a5 34. Re7 a4 35. a3 h5 36.
Ke3 Bb7 37. Rg7 Bc6 38. Rxg6 Bb7 39. Rg5+ Kb6 40. Rxh5 1-0

[Event "Late-Titled-Tuesday-Blitz-March-19-2024"]
[Site "Chess.com"]
[Date "2024.03.19"]
[Round "10"]
[White "Vadim_Galchenko"]
[Black "Bugcrusher"]
[Result "0-1"]
[WhiteElo "2577"]
[BlackElo "2481"]
[TimeControl "180+1"]
[EndTime "15:54:13 PDT"]
[Termination "Bugcrusher won by resignation"]

1. e4 c6 2. c4 e5 3. Nf3 d6 4. d4 Nd7 5. Nc3 Ngf6 6. Be2 g6 7. O-O Bg7 8. Be3 O-O 9. Qc2 Qe7 10. d5 a5 11. a3 Ng4 12. Bg5 f6 13. Bh4 Nh6 14. Nd2 Nf7 15. b4 h5 16. f3 Bh6 17. Bf2 f5 18.
Rfd1 Nf6 19. c5 axb4 20. axb4 Rxa1 21. Rxa1 cxd5 22. exd5 e4 23. fxe4 fxe4 24. Bd4 e3 25.
Nc4 Bf5 26. Bd3 e2 27. Re1 Ng4 28. Rxe2 Qh4 29. g3 Qg5 30. h4 Bxd3 31. Qxd3 Qc1+ 32. Kg2 Nfe5 33. Qd1 Qxd1 34. Nxd1 Nxc4 35. Re7 Rf7 36. Re8+ Rf8 37. Re7 Rf7 38. Re6 dxc5 39. bxc5 Rd7 40.
Rxg6+ Kf7 41. Re6 Rxd5 42. Re4 Nce3+ 43. Nxe3 Nxe3+ 44. Bxe3 Bxe3 45. Rxe3 Rxc5 46. Rb3 b5 47. Kf3 Kf6 48. Rxb5 Rxb5 0-1

[Event "Late-Titled-Tuesday-Blitz-March-19-2024"]
[Site "Chess.com"]
[Date "2024.03.19"]
[Round "10"]
[White "Bastiandash"]
[Black "VD_coach"]
[Result "1-0"]
[WhiteElo "2606"]
[BlackElo "2510"]
[TimeControl "180+1"]
[EndTime "15:54:14 PDT"]
[Termination "Bastiandash won on time"]

1. e4 c5 2. b3 Nf6 3. e5 Nd5 4. Bb2 e6 5. Nc3 Nxc3 6. dxc3 d5 7. exd6 Qxd6 8. Bd3 Be7 9. Nf3 Nc6 10. Qe2 Qf4 11. g3 Qh6 12. Bc1 Qf6 13. Bb2 Qh6 14. h4 Bd7 15.
Bc1 Qf6 16. Bb2 Qh6 17. Bc1 Qf6 18. Bd2 h6 19. O-O-O O-O-O 20. Kb2 Nb4 21. Be4 Bc6 22. Bg5 hxg5 23. hxg5 Rxh1 24. Rxh1 Bxe4 25. gxf6 Bxf3 26. fxe7 Bxe2 27.
exd8=Q+ Kxd8 28. cxb4 cxb4 29. Rh7 Ke7 30. Rxg7 a5 31.
Kc1 Ba6 32. Kd2 Kf6 33. Rg8 Ke5 34. Ke3 f5 35. f4+ Kd5 36. Rd8+ Kc5 37. Rc8+ Kd5 38. c4+ bxc3 39. Rxc3 b5 40. Rc7 a4 41. Ra7 axb3 42.
axb3 Bc8 43. Rc7 Ba6 44. b4 Kd6 45. Rc5 Kd7 46. Kd4 Kd6 47. Rc1 Bb7 48. Rc2 Bd5 49. Rh2 Bc4 50. Rh8 1-0

[Event "Late-Titled-Tuesday-Blitz-March-19-2024"]
[Site "Chess.com"]
[Date "2024.03.19"]
[Round "10"]
[White "Likvidator228"]
[Black "Dr_Pepper18"]
[Result "0-1"]
[WhiteElo "2545"]
[BlackElo "2456"]
[TimeControl "180+1"]
[EndTime "15:54:15 PDT"]
[Termination "Dr_Pepper18 won on time"]

1. d4 Nf6 2. Nf3 d5 3. Bf4 c5 4.
e3 Nc6 5. Nbd2 Qb6 6. dxc5 Qxc5 7. c4 g6 8. a3 Bg7 9. Nb3 Qb6 10. cxd5 Nxd5 11. Qxd5 Be6 12. Qb5 Bxb3 13. Qxb6 axb6 14. Bb5 Bxb2 15. Rb1 Bc3+ 16. Ke2 Rxa3 17. Rhc1 Bg7 18. Bxc6+ bxc6 19. Rxc6 O-O 20. Be5 b5 21. Bxg7 Kxg7 22. Nd2 Bd5 23. Rc7 Bxg2 24. Rxe7 Rb8 25. f3 Bh3 26.
Rb4 Be6 27. Rc7 Ra2 28. Ke1 Rd8 29. Rd4 Rxd4 30. exd4 b4 31. Rb7 b3 32. Nxb3 Rxh2 33.
Nd2 Rh4 34. Rb4 h5 35. Kf2 Rh2+ 36. Ke3 h4 37. Rb1 h3 38. Ne4 Ra2 39. Nf2 Ra3+ 40. Kf4 Bd5 41. Ne4 Rd3 42. Ke5 Be6 43. Ng5 Bf5 44. Kf4 Rxd4+ 45. Kg3 Bxb1 0-1

[Event "Late-Titled-Tuesday-Blitz-March-19-2024"]
[Site "Chess.com"]
[Date "2024.03.19"]
[Round "10"]
[White "BebeBonito2022"]
[Black "NovakRatko"]
[Result "1-0"]
[WhiteElo "2309"]
[BlackElo "2405"]
[TimeControl "180+1"]
[EndTime "15:54:19 PDT"]
[Termination "BebeBonito2022 won on time"]

1. d4 d6 2. e4 e5 3. dxe5 dxe5 4. Qxd8+ Kxd8 5. Nf3 f6 6. Be3 c6 7. Nbd2 Be6 8. Bc4 Bxc4 9. Nxc4 Kc7 10. O-O-O Nd7 11. Nfd2 b5 12. Na5 Bb4 13. Ndb3 Ne7 14. a3 Bxa5 15.
Nxa5 Rhd8 16. Nb3 a5 17. h4 a4 18. Nc5 Nxc5 19. Bxc5 Ng6 20. g3 h5 21. Rxd8 Rxd8 22. Rd1 Rxd1+ 23. Kxd1 Kd7 24. Ke2 Ne7 25. f4 g6 26. Kf3 Nc8 27. g4 hxg4+ 28. Kxg4 exf4 29.
Kxf4 Ke6 30. b3 Nd6 31. Bd4 Nf7 32. Bc3 Nd6 33. Bd4 Nb7 34. b4 Nd6 35. Bxf6 Nc4 36. Kg5 Kf7 37. e5 Nxa3 38. e6+ Kxe6 39. Kxg6 Nxc2 40.
h5 a3 41. h6 a2 42. h7 Nxb4 43. h8=Q Kd5 44. Ba1 1-0

[Event "Late-Titled-Tuesday-Blitz-March-19-2024"]
[Site "Chess.com"]
[Date "2024.03.19"]
[Round "10"]
[White "Vaathi_Coming"]
[Black "Evandro_Barbosa"]
[Result "0-1"]
[WhiteElo "2876"]
[BlackElo "2749"]
[TimeControl "180+1"]
[EndTime "15:54:20 PDT"]
[Termination "Evandro_Barbosa won on time"]

1. g3 c5 2. Bg2 Nc6 3. c4 g6 4.
Nc3 Bg7 5. Nf3 d6 6. O-O e5 7. d3 Nge7 8. Rb1 a5 9. Nd2 O-O 10.
b3 Rb8 11. Bb2 Be6 12. Nd5 b5 13. f4 f5 14. e4 Kh8 15. Nf3 Bg8 16. Qd2 Nd4 17.
Nxd4 exd4 18. Nxe7 Qxe7 19. exf5 bxc4 20. bxc4 gxf5 21.
Rfe1 Qc7 22. Ba3 Bf6 23. Rb5 Bf7 24. Reb1 Rxb5 25. cxb5 Qb6 26. Bc6 Rc8 27. Qd1 Bxa2 28. Rb2 Bf7 29. Bd7 Rd8 30. Bxf5 c4 31. dxc4 d3+ 32. Kg2 Bxc4 33. Bxd3 Bd5+ 34. Kf1 Qe3 35. Be2 Bd4 36. Qxd4+ Qxd4 37. Rc2 Qa1+ 38. Bc1 Be4 39. Rc7 Kg8 0-1

[Event "Late-Titled-Tuesday-Blitz-March-19-2024"]
[Site "Chess.com"]
[Date "2024.03.19"]
[Round "10"]
[White "Stanbad1"]
[Black "Fonsofan"]
[Result "1-0"]
[WhiteElo "2621"]
[BlackElo "2738"]
[TimeControl "180+1"]
[EndTime "15:54:22 PDT"]
[Termination "Stanbad1 won on time"]

1. d4 b5 2. Bf4 Bb7 3. e3 e6 4. Nf3 a6 5. Nbd2 f5 6. Bd3 Nf6 7. O-O Bd6 8. Ne5 O-O 9. c4 b4 10. c5 Be7 11. Qb3 a5 12. a3 Bd5 13. Ndc4 d6 14.
cxd6 cxd6 15. Nf3 Nc6 16. Qa4 Nh5 17. Ncd2 Nxf4 18. exf4 Qb6 19. Bc4 Nxd4 20. Bxd5 exd5 21. Rfe1 Bf6 22. axb4 Qxb4 23. Qd1 Qxb2 24. Ra4 Nb5 25. Nb1 Nc7 26. Re2 Qb6 27. g3 Rfe8 28. Rc2 Re4 29. Raa2 Rae8 30. Nc3 Bxc3 31. Rxc3 d4 32. Rb3 Qc5 33.
Kg2 Qd5 34. Rd2 h6 35. h4 Ne6 36. Kh2 Kh7 37. Ra3 Ra8 38. Rda2 Qc5 39. Ra4 Ra7 40.
R2a3 Qb6 41. Ra2 Nc5 42. Rxd4 Rxd4 43. Qxd4 a4 44. Ra3 Qc6 45. Qc4 Ra6 46. Nd4 Qe4 47. Re3 1-0

[Event "Late-Titled-Tuesday-Blitz-March-19-2024"]
[Site "Chess.com"]
[Date "2024.03.19"]
[Round "10"]
[White "Baronessa08"]
[Black "Jagerrmeisterr"]
[Result "0-1"]
[WhiteElo "2588"]
[BlackElo "2747"]
[TimeControl "180+1"]
[EndTime "15:54:23 PDT"]
[Termination "Jagerrmeisterr won on time"]

1. d4 Nf6 2. c4 e6 3. Nc3 Bb4 4. a3 Bxc3+ 5. bxc3 b6 6. f3 Nc6 7. e4 e5 8. Ne2 d6 9. Ng3 O-O 10. h4 Qe8 11. Bg5 Nd7 12. Qd2 Ba6 13. Nf5 f6 14.
Be3 Na5 15. h5 Nb3 16. Qa2 Nxa1 17. Qxa1 Qf7 18. d5 Kh8 19. h6 g6 20. Ng7 Nc5 21.
Qb1 Bc8 22. g4 f5 23. exf5 gxf5 24. g5 Qg6 25. Rg1 f4 26. Qxg6 hxg6 27. Bxc5 bxc5 28.
Bd3 Kh7 29. Kd2 Rb8 30. Kc2 Bd7 31. Ra1 Rf7 32. a4 a5 33. Ra2 Rxg7 34. hxg7 Kxg7 35. Kc1 Rh8 36. Rg2 Bxa4 37. Kb2 Bd7 38. Ka3 Rh3 39. Be4 Bf5 40. Rb2 Bxe4 41. fxe4 Rxc3+ 42. Ka4 Rxc4+ 43. Kxa5 Rb4 44. Rh2 Rxe4 45. Kb5 Rd4 46. Kc6 c4 47. Kxc7 Rxd5 0-1

[Event "Late-Titled-Tuesday-Blitz-March-19-2024"]
[Site "Chess.com"]
[Date "2024.03.19"]
[Round "10"]
[White "Mikhail_Bryakin"]
[Black "Vladimir_Zakhartsov"]
[Result "0-1"]
[WhiteElo "2727"]
[BlackElo "2988"]
[TimeControl "180+1"]
[EndTime "15:54:24 PDT"]
[Termination "Vladimir_Zakhartsov won by resignation"]

1. Nf3 b6 2. b3 Bb7 3. Bb2 c5 4. c4 f5 5. g3 Nf6 6. Bg2 e6 7. d4 cxd4 8. Bxd4 Nc6 9. Bb2 Be7 10. O-O O-O 11. Nc3 a6 12. Qd2 Qc7 13. Rfd1 Rad8 14. Rac1 Bc5 15. e3 Ne4 16. Nxe4 fxe4 17. Ng5 Ne5 18.
Nxe4 Nf3+ 19. Bxf3 Rxf3 20. Nxc5 Qxc5 21. Qd6 Rxf2 22.
Kxf2 Rf8+ 23. Qxf8+ Qxf8+ 24. Ke1 Bc6 25. Rd2 Qf3 26. Re2 b5 27. Kd2 h6 28. Bd4 bxc4 29.
bxc4 Qe4 30. Rf2 e5 31. Bb2 d5 32. cxd5 Qxd5+ 33. Ke1 Bb5 34. Rc8+ Kh7 35. Rcc2 Qe4 36.
Bc1 Qd3 37. Rb2 Ba4 38. Rfd2 Qxe3+ 39. Kf1 Qf3+ 40. Kg1 Bc6 41. h4 Qh1+ 42. Kf2 Qxc1 43. Rbc2 Qh1 44. Ke2 Qf3+ 45. Ke1 Bb5 46. Rf2 Qe3+ 47.
Kd1 Ba4 48. Rd2 Bxc2+ 49. Kxc2 Qxg3 0-1

[Event "Late-Titled-Tuesday-Blitz-March-19-2024"]
[Site "Chess.com"]
[Date "2024.03.19"]
[Round "10"]
[White "TigrVShlyape"]
[Black "Korchmar_Vasiliy"]
[Result "1-0"]
[WhiteElo "2930"]
[BlackElo "2709"]
[TimeControl "180+1"]
[EndTime "15:54:24 PDT"]
[Termination "TigrVShlyape won on time"]

1. d4 Nf6 2. Bf4 g6 3. c3 Bg7 4.
Nf3 O-O 5. Nbd2 b6 6. e4 Bb7 7.
Bd3 d6 8. h3 Nbd7 9. O-O e5 10.
Bg5 h6 11. Bh4 Qe8 12. Re1 Nh5 13. a4 a5 14. Bb5 g5 15. Bg3 Nf4 16. Qc2 Qe7 17.
Nf1 Nf6 18. dxe5 dxe5 19. N1d2 Rad8 20. Rad1 Rd6 21. Bxf4 gxf4 22. Nh4 Bc8 23. Nf5 Bxf5 24. exf5 Rfd8 25. Nc4 Rxd1 26. Rxd1 e4 27. Rxd8+ Qxd8 28. Qd2 Qxd2 29. Nxd2 e3 30. fxe3 fxe3 31. Nc4 Bf8 32.
Kf1 Bc5 33. Bc6 Nh5 34. Bf3 Ng3+ 35. Ke1 Nxf5 36. Ke2 Kg7 37. g4 Ng3+ 38. Kd3 f5 39. Nxe3 fxg4 40. Bxg4 Bd6 41. Nd5 Kg6 42. Ke3 Kg5 43. b4 Nf5+ 44. Ke4 Ng3+ 45. Kd3 Nf5 46. bxa5 bxa5 47. Kc4 Ne7 48. Ne3 Nc6 49. Kb5 Ne5 50.
Bc8 Kf4 51. Nf5 h5 52. Kxa5 Ng6 53. Nxd6 cxd6 54. Kb5 Ne7 55. Bb7 Kg3 56. a5 Kxh3 57. a6 1-0

[Event "Late-Titled-Tuesday-Blitz-March-19-2024"]
[Site "Chess.com"]
[Date "2024.03.19"]
[Round "10"]
[White "stepanosinovsky"]
[Black "zverr1"]
[Result "1-0"]
[WhiteElo "2373"]
[BlackElo "2530"]
[TimeControl "180+1"]
[EndTime "15:54:26 PDT"]
[Termination "stepanosinovsky won by checkmate"]

1. e4 c5 2. Nf3 e6 3. d3 d5 4. Nbd2 Nf6 5. g3 Be7 6. Bg2 O-O 7. O-O Nc6 8. Re1 b5 9. a4 b4 10. exd5 exd5 11. d4 c4 12. Ne5 Qc7 13. Nxc6 Qxc6 14. Rxe7 Be6 15. Nf3 h6 16. Bf4 Rfe8 17. Rxe8+ Rxe8 18.
Ne5 Qb6 19. h4 Bf5 20. c3 b3 21. Qc1 Be4 22. f3 Bh7 23. a5 Qe6 24. Kh2 Qf5 25.
Qd2 Re7 26. Rc1 Rb7 27. g4 Qc8 28. Kg3 Rb5 29. Ra1 Qa6 30. g5 Nh5+ 31. Kh2 hxg5 32.
hxg5 Rxa5 33. Rxa5 Qxa5 34. Bh3 Qa1 35. Qc1 Qa2 36. Be3 a5 37. Bg4 a4 38. Bxh5 a3 39.
Bxf7+ Kf8 40. g6 Bg8 41. Nd7+ Ke7 42. Bg5+ Kxd7 43. Qe3 Qxb2+ 44. Kg3 Qb1 45. Qe6+ Kc7 46. Bf4+ Kd8 47. Qd6+ Kc8 48. Qc7# 1-0

[Event "Late-Titled-Tuesday-Blitz-March-19-2024"]
[Site "Chess.com"]
[Date "2024.03.19"]
[Round "10"]
[White "AsterPhoenix"]
[Black "Revan_2002"]
[Result "0-1"]
[WhiteElo "2646"]
[BlackElo "2571"]
[TimeControl "180+1"]
[EndTime "15:54:27 PDT"]
[Termination "Revan_2002 won by resignation"]

1. e4 g6 2. d4 Bg7 3. Nc3 d6 4. Nf3 Nc6 5. Be2 Bg4 6. Be3 Bxf3 7. Bxf3 e5 8. d5 Nd4 9. h4 h5 10. Qd2 Ne7 11. O-O-O c5 12. Kb1 a6 13. Ne2 b5 14.
c3 Nxf3 15. gxf3 a5 16. f4 exf4 17. Nxf4 a4 18. Ne2 Rb8 19. f4 b4 20. c4 a3 21. b3 Ng8 22. e5 Nh6 23. Ng3 Ng4 24. Ne4 dxe5 25. Bxc5 f5 26. Nd6+ Kd7 27. fxe5 Nxe5 28.
Bxb4 Qf6 29. Qc3 f4 30. Nb5 Rhc8 31. Bxa3 Rxb5 32. Bb2 Qf5+ 33. Qc2 Qxc2+ 34. Kxc2 Nxc4 35.
Bxg7 Ne3+ 36. Kb1 Nxd1 37. Rxd1 Rg8 38. Bh6 f3 39. Rf1 Rxd5 40. Rxf3 Re8 41. Rf2 Re4 42.
Bg5 Kc6 43. Kb2 Rf5 44. Rc2+ Rc5 45. Re2 Rxe2+ 0-1

[Event "Late-Titled-Tuesday-Blitz-March-19-2024"]
[Site "Chess.com"]
[Date "2024.03.19"]
[Round "10"]
[White "esteban062000"]
[Black "gorgeous1083"]
[Result "1-0"]
[WhiteElo "2170"]
[BlackElo "2053"]
[TimeControl "180+1"]
[EndTime "15:54:27 PDT"]
[Termination "esteban062000 won on time"]

1. e4 e6 2. e5 d5 3. exd6 Bxd6 4. d4 Nf6 5. Nf3 h6 6. Bd3 b6 7. O-O Bb7 8. Nc3 O-O 9. Re1 Nbd7 10. Nb5 a6 11. Nxd6 cxd6 12. c3 b5 13. h3 Nb6 14.
Bf4 Nbd5 15. Bh2 Re8 16. Bc2 Rc8 17. Qd3 b4 18. c4 Nb6 19. b3 a5 20. Bg3 Bxf3 21.
Qxf3 d5 22. c5 Nbd7 23. Bd6 Nb8 24. Qd3 Rc6 25. Be5 Nbd7 26. Bg3 Qc8 27. Qb5 Qa6 28. Qxa6 Rxa6 29. Bd3 Raa8 30. f3 Rec8 31. Bb5 Nxc5 32. dxc5 Rxc5 33. Ba4 Rac8 34. Bf4 Rc2 35. Rec1 g5 36. Be3 Nh5 37. Bd7 R8c7 38. Bb5 Ng3 39. Bd3 R2c3 40. Rxc3 Rxc3 41. Rd1 e5 42. Bf2 Nh5 43.
Bb1 Nf4 44. Bg3 Ne2+ 45. Kf2 Nxg3 46. Rxd5 Nh5 47. Rxe5 1-0